Penguins vs BlackHawks

Created - 4 février 2019 at 20:09

Goals
1 2 3 T
Penguins 3 1 0 4
BlackHawks 0 1 2 3
Shots
1 2 3 T
Penguins 11 9 20 40
BlackHawks 6 11 11 28

1st period

1. Penguins , Nikita Kucherov 14 (Nathan MacKinnon 28, Cody Ceci 11) at 3:43
2. Penguins , Nathan MacKinnon 17 (Nikita Kucherov 22, Ryan Ellis 28) at 9:12
3. Penguins , Nathan MacKinnon 18 (Nikita Kucherov 23, Cody Ceci 12) at 10:47

Penalties :
Shea Weber (CHI) for Tripping (Minor) at 4:54

2nd period

4. BlackHawks , Ryan OReilly 15 (Shea Weber 24) at 0:16
5. Penguins , Phil Kessel 11 (Ryan Ellis 29, Sidney Crosby 24) at 7:27

Penalties :
Scott Laughton (CHI) for Hooking (Minor) at 6:12, Mark Giordano (PIT) for Interference (Minor) at 6:12

3rd period

6. BlackHawks , Shea Weber 11 (Kyle Palmieri 20, Anze Kopitar 28) at 6:44
7. BlackHawks , Blake Comeau 15 (Darnell Nurse 15, Anze Kopitar 29) at 10:16

Penalties :
Brady Skjei (CHI) for Goalie Interference (Minor) at 12:26, Scott Laughton (CHI) for Holding (Minor) at 15:12

Goalie Stats

Connor Hellebuyck (PIT), 25 saves from 28 shots - (0.893), W, 27-10-1, 60:00 minutes
Casey DeSmith (CHI), 27 saves from 27 shots - (1.000), 31:51 minutes
Carey Price (CHI), 9 saves from 13 shots - (0.692), L, 18-19-5, 27:27 minutes

Players Stats for Penguins

Player Name              G  A  P  +/- PIM S  H  SB GA TA FO     MP     PP MP  PK MP  
------------------------------------------------------------------------------------
Adrian Kempe             0  0  0   0  0   0  3  0  0  0  3/12   13:12   0:00   0:00 
Clayton Keller           0  0  0   2  0   3  0  0  0  0  0/1    20:27   3:06   0:00 
Cody Ceci                0  2  2   2  0   1  0  2  0  0  0/0    19:08   2:50   0:00 
Darren Archibald         0  0  0   0  0   1  0  0  0  0  0/0     5:05   0:00   0:00 
David Perron             0  0  0  -2  0   1  4  0  0  0  1/1    19:42   2:51   0:00 
David Savard             0  0  0   0  0   0  0  1  0  0  0/0    17:08   0:00   0:00 
Kevin Labanc             0  0  0   0  0   0  0  0  0  0  0/0    16:30   0:00   0:00 
Mark Barberio            0  0  0   0  0   0  0  0  0  0  0/0     0:00   0:00   0:00 
Mark Giordano            0  0  0  -1  2   5  3  3  0  0  0/0    23:25   3:07   0:00 
Max Domi                 0  0  0   0  0   0  0  0  0  0  0/0    11:58   0:00   0:00 
Nathan MacKinnon         2  1  3   2  0   5  1  1  0  0  14/32  22:29   3:06   0:00 
Nikita Kucherov          1  2  3   2  0   5  2  0  0  0  1/1    22:29   3:06   0:00 
Olli Maatta              0  0  0   2  0   1  1  3  0  0  0/0    15:59   0:00   0:00 
Phil Kessel              1  0  1  -1  0   6  0  1  0  0  0/2    20:28   2:51   0:00 
Ryan Ellis               0  2  2   0  0   0  1  1  0  0  0/0    21:13   2:50   0:00 
Ryan Suter               0  0  0  -1  0   5  3  0  0  0  0/0    23:06   3:07   0:00 
Sidney Crosby            0  1  1  -1  0   6  1  0  0  0  22/33  20:36   2:51   0:00 
Tim Schaller             0  0  0   0  0   1  0  0  0  0  0/4     5:05   0:00   0:00 

Players Stats for BlackHawks

Player Name              G  A  P  +/- PIM S  H  SB GA TA FO     MP     PP MP  PK MP  
------------------------------------------------------------------------------------
Alex Galchenyuk          0  0  0  -1  0   0  0  0  0  0  1/3    11:53   0:00   2:06 
Andrew Copp              0  0  0  -1  0   1  0  0  0  0  5/10    9:27   0:00   1:50 
Anze Kopitar             0  2  2   1  0   4  0  0  0  0  17/31  20:32   0:00   0:00 
Blake Comeau             1  0  1   2  0   4  2  4  0  0  0/0    21:54   0:00   3:27 
Boone Jenner             0  0  0   0  0   3  4  1  0  0  0/1    16:01   0:00   0:00 
Brady Skjei              0  0  0   0  2   1  2  0  0  0  0/0    20:15   0:00   0:48 
Brent Seabrook           0  0  0  -1  0   0  0  2  0  0  0/0    16:20   0:00   2:24 
Chris Tierney            0  0  0  -1  0   2  0  0  0  0  7/12    9:47   0:00   0:00 
Corey Perry              0  0  0   0  0   1  1  0  0  0  0/0    15:41   0:00   0:00 
Darnell Nurse            0  1  1   0  0   0  2  2  0  0  0/0    21:57   0:00   1:49 
Dion Phaneuf             0  0  0   0  0   2  3  4  0  0  0/0    24:45   0:00   4:06 
Jay Beagle               0  0  0  -1  0   0  0  1  0  0  4/6    13:08   0:00   3:21 
Johnny Oduya             0  0  0  -1  0   0  0  2  0  0  0/0    12:45   0:00   0:34 
Kyle Palmieri            0  1  1   1  0   1  2  0  0  0  1/2    20:20   0:00   0:00 
Radim Vrbata             0  0  0  -1  0   0  0  0  0  0  0/0     7:37   0:00   0:00 
Ryan OReilly             1  0  1   0  0   6  0  0  0  0  10/17  16:57   0:00   0:00 
Scott Laughton           0  0  0  -1  4   0  1  0  0  0  0/4     8:45   0:00   1:10 
Shea Weber               1  1  2   0  2   3  2  7  0  0  0/0    23:56   0:00   2:13 

3 Stars

1 - Nathan MacKinnon (PIT)
2 - Nikita Kucherov (PIT)
3 - Blake Comeau (CHI)

Power Play

Penguins - 0 on 3 Attempt(s) - 0.00%
BlackHawks - 0 on 0 Attempt(s) - 0.00%

Penalty Kill

Penguins - 0 on 0 Attempt(s) - 0.00% - Score 0 goal in Penalty Kill
BlackHawks - 3 on 3 Attempt(s) - 100.00% - Score 0 goal in Penalty Kill

Team Stat

Penguins - Hits : 19 - Faceoff Wins : 41 - Blocked Shots : 12 - Penalty Minutes : 2
BlackHawks - Hits : 19 - Faceoff Wins : 45 - Blocked Shots : 23 - Penalty Minutes : 8

Official

Referees : Justin StPierre and Kendrick Nicholson
Linesman : Mark Wheler and Kiel Murchison

Game Notes

Casey DeSmith enters game at 7:27 of 2nd period
Johnny Oduya is injured at 5:28 of 3rd period (Upper Body)

Finance

Level 1 -- Attendance: 6010 (92.46%) -- Ticket Income 661 100 $
Level 2 -- Attendance: 5000 (100.00%) -- Ticket Income 375 000 $
Level 3 -- Attendance: 3451 (98.60%) -- Ticket Income 193 256 $
Level 4 -- Attendance: 2709 (72.88%) -- Ticket Income 108 360 $
Luxury Box -- Attendance: 1000 (100.00%) -- Ticket Income 199 000 $
Game was played at the United Center.
Total Attendance: 18170 (92.15%)
Total Ticket Income: 1 536 716 $
Other Income: 752 991 $
Total Income: 2 289 707 $

% Time on Ice - Penguins

Lines # - Real PCT - Wanted PCT - Time Play
Normal Forward
1 - 34% - 37% - 17:21
2 - 33% - 35% - 16:51
3 - 23% - 20% - 11:58
4 - 10% - 8% - 5:05
Normal Defense
1 - 39% - 40% - 19:59
2 - 32% - 35% - 16:28
3 - 27% - 25% - 14:01
4 - 2% - 0% - 0:47
PP Forward
1 - 52% - 60% - 3:06
2 - 48% - 40% - 2:51
PP Defense
1 - 52% - 60% - 3:07
2 - 48% - 40% - 2:50
PK Forward
1 - 0% - 60%
2 - 0% - 40%
PK Defense
1 - 0% - 60%
2 - 0% - 40%
PK3 Forward
1 - 0% - 60%
2 - 0% - 40%
PK3 Defense
1 - 0% - 60%
2 - 0% - 40%
44 Forward
1 - 61% - 60% - 1:13
2 - 39% - 40% - 0:46
44 Defense
1 - 60% - 60% - 1:11
2 - 40% - 40% - 0:48
Last Minute Offensive  - 0:00
Last Minute Defensive  - 0:49
Total
Forward - 60:00
Defense - 60:00

% Time on Ice - BlackHawks

Lines # - Real PCT - Wanted PCT - Time Play
Normal Forward
1 - 36% - 40% - 18:27
2 - 30% - 30% - 15:41
3 - 19% - 20% - 9:47
4 - 15% - 10% - 7:37
Normal Defense
1 - 34% - 40% - 17:27
2 - 36% - 30% - 18:44
3 - 27% - 20% - 13:56
4 - 3% - 10% - 1:25
PP Forward
1 - 0% - 60%
2 - 0% - 40%
PP Defense
1 - 0% - 60%
2 - 0% - 40%
PK Forward
1 - 69% - 60% - 4:07
2 - 31% - 40% - 1:50
PK Defense
1 - 56% - 60% - 3:21
2 - 44% - 40% - 2:36
PK3 Forward
1 - 0% - 60%
2 - 0% - 40%
PK3 Defense
1 - 0% - 60%
2 - 0% - 40%
44 Forward
1 - 83% - 60% - 1:39
2 - 17% - 40% - 0:20
44 Defense
1 - 63% - 60% - 1:15
2 - 37% - 40% - 0:44
Last Minute Offensive  - 0:32
Last Minute Defensive  - 0:00
Total
Forward - 60:00
Defense - 60:00

Play-by-Play

1st period


0:01 of 1st period - Anze Kopitar wins face-off versus Nathan MacKinnon in neutral zone.
0:27 of 1st period - Shot by Blake Comeau.
0:27 of 1st period - Shot Blocked by Mark Giordano.
0:29 of 1st period - Shot by Dion Phaneuf.
0:29 of 1st period - Shot Misses the Net.
1:03 of 1st period - Shot by Phil Kessel.
1:03 of 1st period - Shot Misses the Net.
1:06 of 1st period - Icing by Shea Weber.
1:07 of 1st period - Anze Kopitar wins face-off versus Adrian Kempe in BlackHawks zone.
1:36 of 1st period - Shot by Corey Perry.
1:36 of 1st period - Shot Blocked by Cody Ceci.
1:38 of 1st period - Shot by Boone Jenner.
1:38 of 1st period - Stopped by Connor Hellebuyck without a rebound.
1:39 of 1st period - Chris Tierney wins face-off versus Sidney Crosby in Penguins zone.
1:48 of 1st period - Shot by Chris Tierney.
1:48 of 1st period - Shot Blocked by David Savard.
1:51 of 1st period - Icing by Ryan Ellis.
1:52 of 1st period - Ryan OReilly wins face-off versus Sidney Crosby in Penguins zone.
1:53 of 1st period - Shot by Boone Jenner.
1:53 of 1st period - Shot Blocked by Phil Kessel.
2:01 of 1st period - Shot by Sidney Crosby.
2:01 of 1st period - Shot Hit the Post.
3:11 of 1st period - Icing by Kevin Labanc.
3:12 of 1st period - Andrew Copp wins face-off versus Tim Schaller in Penguins zone.
3:43 of 1st period - Shot by Nikita Kucherov.
3:43 of 1st period - Goal by Nikita Kucherov - Penguins : 1 - BlackHawks : 0.
3:44 of 1st period - Chris Tierney wins face-off versus Nathan MacKinnon in neutral zone.
4:47 of 1st period - Icing by Shea Weber.
4:48 of 1st period - Sidney Crosby wins face-off versus Anze Kopitar in BlackHawks zone.
4:49 of 1st period - Shot by Phil Kessel.
4:49 of 1st period - Stopped by Carey Price without a rebound.
4:50 of 1st period - Sidney Crosby wins face-off versus Anze Kopitar in BlackHawks zone.
4:54 of 1st period - Minor Penalty to Shea Weber for Tripping.
4:55 of 1st period - Sidney Crosby wins face-off versus Jay Beagle in BlackHawks zone.
4:58 of 1st period - Shot by Ryan Suter.
4:58 of 1st period - Shot Misses the Net.
5:00 of 1st period - Shot by Mark Giordano.
5:00 of 1st period - Shot Misses the Net.
5:02 of 1st period - Shot by Sidney Crosby.
5:02 of 1st period - Shot Misses the Net.
5:04 of 1st period - Shot by David Perron.
5:04 of 1st period - Shot Misses the Net.
5:06 of 1st period - Shot by Ryan Suter.
5:06 of 1st period - Shot Blocked by Jay Beagle.
5:08 of 1st period - Shot by Ryan Suter.
5:08 of 1st period - Shot Blocked by Dion Phaneuf.
5:10 of 1st period - Shot by Ryan Suter.
5:10 of 1st period - Shot Blocked by Dion Phaneuf.
5:12 of 1st period - Shot by Ryan Suter.
5:12 of 1st period - Shot Blocked by Johnny Oduya.
5:14 of 1st period - Shot by David Perron.
5:14 of 1st period - Shot Blocked by Dion Phaneuf.
5:16 of 1st period - Shot by Mark Giordano.
5:16 of 1st period - Stopped by Carey Price with a rebound.
6:06 of 1st period - Shot by Alex Galchenyuk.
6:06 of 1st period - Shot Misses the Net.
6:20 of 1st period - Shot by Nikita Kucherov.
6:20 of 1st period - Shot Misses the Net.
6:27 of 1st period - Icing by Cody Ceci.
6:28 of 1st period - Nathan MacKinnon wins face-off versus Scott Laughton in Penguins zone.
7:11 of 1st period - Shot by Kevin Labanc.
7:11 of 1st period - Shot Misses the Net.
7:42 of 1st period - Ryan Suter is hit by Boone Jenner and loses puck.
7:56 of 1st period - Off-side.
7:57 of 1st period - Sidney Crosby wins face-off versus Chris Tierney in neutral zone.
8:21 of 1st period - Shot by Olli Maatta.
8:21 of 1st period - Deflect By Sidney Crosby.
8:21 of 1st period - Shot Misses the Net.
8:27 of 1st period - Shot by David Perron.
8:27 of 1st period - Shot Misses the Net.
8:31 of 1st period - Shot by Phil Kessel.
8:31 of 1st period - Stopped by Carey Price with a rebound.
9:10 of 1st period - Shot by Nathan MacKinnon.
9:10 of 1st period - Shot Misses the Net.
9:12 of 1st period - Shot by Nathan MacKinnon.
9:12 of 1st period - Goal by Nathan MacKinnon - Penguins : 2 - BlackHawks : 0.
9:13 of 1st period - Anze Kopitar wins face-off versus Tim Schaller in neutral zone.
9:59 of 1st period - Icing by Dion Phaneuf.
10:00 of 1st period - Sidney Crosby wins face-off versus Anze Kopitar in BlackHawks zone.
10:00 of 1st period - Sidney Crosby is hit by Dion Phaneuf.
10:05 of 1st period - Phil Kessel is hit by Dion Phaneuf and loses puck.
10:16 of 1st period - Shot by Phil Kessel.
10:16 of 1st period - Stopped by Carey Price without a rebound.
10:17 of 1st period - Ryan OReilly wins face-off versus Nathan MacKinnon in BlackHawks zone.
10:25 of 1st period - Ryan OReilly is hit by Nathan MacKinnon and loses puck.
10:47 of 1st period - Shot by Nathan MacKinnon.
10:47 of 1st period - Goal by Nathan MacKinnon - Penguins : 3 - BlackHawks : 0.
10:48 of 1st period - Sidney Crosby wins face-off versus Andrew Copp in neutral zone.
11:38 of 1st period - Off-side.
11:39 of 1st period - Anze Kopitar wins face-off versus Nathan MacKinnon in neutral zone.
11:44 of 1st period - Shot by Shea Weber.
11:44 of 1st period - Stopped by Connor Hellebuyck without a rebound.
11:45 of 1st period - Nathan MacKinnon wins face-off versus Anze Kopitar in Penguins zone.
12:01 of 1st period - Shot by Nikita Kucherov.
12:01 of 1st period - Shot Blocked by Shea Weber.
12:21 of 1st period - Shot by Nathan MacKinnon.
12:21 of 1st period - Shot Blocked by Blake Comeau.
12:23 of 1st period - Shot by Mark Giordano.
12:23 of 1st period - Stopped by Carey Price without a rebound.
12:24 of 1st period - Sidney Crosby wins face-off versus Ryan OReilly in BlackHawks zone.
12:35 of 1st period - Shot by Boone Jenner.
12:35 of 1st period - Shot Misses the Net.
12:45 of 1st period - Shot by Ryan OReilly.
12:45 of 1st period - Stopped by Connor Hellebuyck without a rebound.
12:46 of 1st period - Chris Tierney wins face-off versus Adrian Kempe in Penguins zone.
14:05 of 1st period - Shot by Nikita Kucherov.
14:05 of 1st period - Deflect By Clayton Keller.
14:05 of 1st period - Stopped by Carey Price without a rebound.
14:06 of 1st period - Anze Kopitar wins face-off versus Sidney Crosby in BlackHawks zone.
14:06 of 1st period - Anze Kopitar is hit by David Perron.
15:32 of 1st period - Icing by Shea Weber.
15:33 of 1st period - Kyle Palmieri wins face-off versus Nathan MacKinnon in BlackHawks zone.
15:48 of 1st period - Shot by Ryan OReilly.
15:48 of 1st period - Stopped by Connor Hellebuyck with a rebound.
15:50 of 1st period - Shot by Corey Perry.
15:50 of 1st period - Shot Misses the Net.
15:52 of 1st period - Shot by Ryan OReilly.
15:52 of 1st period - Stopped by Connor Hellebuyck with a rebound.
16:02 of 1st period - Shot by Corey Perry.
16:02 of 1st period - Shot Misses the Net.
16:04 of 1st period - Shot by Boone Jenner.
16:04 of 1st period - Stopped by Connor Hellebuyck without a rebound.
16:05 of 1st period - Sidney Crosby wins face-off versus Andrew Copp in Penguins zone.
16:05 of 1st period - Sidney Crosby is hit by Scott Laughton.
16:12 of 1st period - Phil Kessel is hit by Darnell Nurse and loses puck.
16:34 of 1st period - Radim Vrbata is hit by David Perron and loses puck.
17:27 of 1st period - Ryan Ellis is hit by Corey Perry and loses puck.
17:44 of 1st period - Shot by Nikita Kucherov.
17:44 of 1st period - Stopped by Carey Price without a rebound.
17:45 of 1st period - Nathan MacKinnon wins face-off versus Chris Tierney in BlackHawks zone.
17:46 of 1st period - Shot by Nikita Kucherov.
17:46 of 1st period - Shot Blocked by Shea Weber.
18:20 of 1st period - Dion Phaneuf is hit by Nikita Kucherov and loses puck.
18:39 of 1st period - Shot by Phil Kessel.
18:39 of 1st period - Stopped by Carey Price without a rebound.
18:40 of 1st period - Sidney Crosby wins face-off versus Anze Kopitar in BlackHawks zone.
18:47 of 1st period - Shot by Phil Kessel.
18:47 of 1st period - Shot Blocked by Blake Comeau.
18:54 of 1st period - Icing by Blake Comeau.
18:55 of 1st period - Anze Kopitar wins face-off versus Adrian Kempe in BlackHawks zone.
19:06 of 1st period - Darnell Nurse is hit by Adrian Kempe and loses puck.
19:41 of 1st period - Icing by Anze Kopitar.
19:42 of 1st period - Nathan MacKinnon wins face-off versus Anze Kopitar in BlackHawks zone.
Goals for this period are 3 for Penguins vs 0 for BlackHawks.
Shots for this period are 11 for Penguins vs 6 for BlackHawks.

2nd period


0:01 of 2nd period - Ryan OReilly wins face-off versus Nathan MacKinnon in neutral zone.
0:16 of 2nd period - Shot by Ryan OReilly.
0:16 of 2nd period - Goal by Ryan OReilly - Penguins : 3 - BlackHawks : 1.
0:17 of 2nd period - Sidney Crosby wins face-off versus Anze Kopitar in neutral zone.
0:19 of 2nd period - Ryan Ellis is hit by Blake Comeau and loses puck.
0:36 of 2nd period - Shot by Sidney Crosby.
0:36 of 2nd period - Stopped by Carey Price without a rebound.
0:37 of 2nd period - Nathan MacKinnon wins face-off versus Ryan OReilly in BlackHawks zone.
1:27 of 2nd period - Icing by Dion Phaneuf.
1:28 of 2nd period - Sidney Crosby wins face-off versus Ryan OReilly in BlackHawks zone.
2:07 of 2nd period - Shot by Anze Kopitar.
2:07 of 2nd period - Shot Misses the Net.
2:15 of 2nd period - Shot by Blake Comeau.
2:15 of 2nd period - Shot Blocked by Ryan Ellis.
2:25 of 2nd period - Shot by Kyle Palmieri.
2:25 of 2nd period - Stopped by Connor Hellebuyck without a rebound.
2:26 of 2nd period - Andrew Copp wins face-off versus Adrian Kempe in Penguins zone.
2:43 of 2nd period - Brady Skjei is hit by Mark Giordano.
2:52 of 2nd period - Off-side.
2:53 of 2nd period - Alex Galchenyuk wins face-off versus Nathan MacKinnon in neutral zone.
3:30 of 2nd period - Shot by Alex Galchenyuk.
3:30 of 2nd period - Shot Misses the Net.
3:56 of 2nd period - Shot by Blake Comeau.
3:56 of 2nd period - Shot Misses the Net.
4:10 of 2nd period - Shot by Kyle Palmieri.
4:10 of 2nd period - Shot Misses the Net.
4:12 of 2nd period - Shot by Blake Comeau.
4:12 of 2nd period - Shot Misses the Net.
4:34 of 2nd period - Shot by Ryan OReilly.
4:34 of 2nd period - Stopped by Connor Hellebuyck with a rebound.
5:01 of 2nd period - Shot by Phil Kessel.
5:01 of 2nd period - Shot Misses the Net.
5:03 of 2nd period - Shot by Sidney Crosby.
5:03 of 2nd period - Shot Blocked by Darnell Nurse.
6:12 of 2nd period - Minor Penalty to Scott Laughton for Hooking.
6:12 of 2nd period - Minor Penalty to Mark Giordano for Interference.
6:13 of 2nd period - Anze Kopitar wins face-off versus Nathan MacKinnon in Penguins zone.
6:14 of 2nd period - Shot by Dion Phaneuf.
6:14 of 2nd period - Stopped by Connor Hellebuyck without a rebound.
6:15 of 2nd period - Anze Kopitar wins face-off versus Nathan MacKinnon in Penguins zone.
6:41 of 2nd period - Shot by Nikita Kucherov.
6:41 of 2nd period - Shot Blocked by Shea Weber.
7:27 of 2nd period - Shot by Phil Kessel.
7:27 of 2nd period - Goal by Phil Kessel - Penguins : 4 - BlackHawks : 1.
7:27 of 2nd period - Casey DeSmith enters game.
7:28 of 2nd period - Nathan MacKinnon wins face-off versus Ryan OReilly in neutral zone.
7:30 of 2nd period - Nikita Kucherov is hit by Darnell Nurse and loses puck.
7:37 of 2nd period - Shot by Ryan OReilly.
7:37 of 2nd period - Shot Misses the Net.
7:41 of 2nd period - Shot by Ryan OReilly.
7:41 of 2nd period - Shot Misses the Net.
7:45 of 2nd period - Shot by Ryan OReilly.
7:45 of 2nd period - Shot Blocked by Cody Ceci.
7:47 of 2nd period - Shot by Boone Jenner.
7:47 of 2nd period - Stopped by Connor Hellebuyck without a rebound.
7:48 of 2nd period - Anze Kopitar wins face-off versus Nathan MacKinnon in Penguins zone.
8:05 of 2nd period - Shot by Anze Kopitar.
8:05 of 2nd period - Stopped by Connor Hellebuyck without a rebound.
8:06 of 2nd period - Ryan OReilly wins face-off versus Sidney Crosby in Penguins zone.
8:19 of 2nd period - Icing by Brent Seabrook.
8:20 of 2nd period - Chris Tierney wins face-off versus Sidney Crosby in BlackHawks zone.
8:36 of 2nd period - Shot by Sidney Crosby.
8:36 of 2nd period - Stopped by Casey DeSmith without a rebound.
8:37 of 2nd period - Ryan OReilly wins face-off versus Adrian Kempe in BlackHawks zone.
8:51 of 2nd period - Boone Jenner is hit by Ryan Ellis and loses puck.
8:57 of 2nd period - Icing by Ryan Ellis.
8:58 of 2nd period - Anze Kopitar wins face-off versus Adrian Kempe in Penguins zone.
9:17 of 2nd period - Shot by Anze Kopitar.
9:17 of 2nd period - Stopped by Connor Hellebuyck with a rebound.
9:19 of 2nd period - Shot by Blake Comeau.
9:19 of 2nd period - Stopped by Connor Hellebuyck without a rebound.
9:20 of 2nd period - Nathan MacKinnon wins face-off versus Boone Jenner in Penguins zone.
9:31 of 2nd period - Clayton Keller is hit by Boone Jenner and loses puck.
9:43 of 2nd period - Nikita Kucherov is hit by Dion Phaneuf.
9:45 of 2nd period - Shot by Clayton Keller.
9:45 of 2nd period - Stopped by Casey DeSmith without a rebound.
9:46 of 2nd period - Anze Kopitar wins face-off versus Sidney Crosby in BlackHawks zone.
10:14 of 2nd period - Shot by Kyle Palmieri.
10:14 of 2nd period - Shot Misses the Net.
10:16 of 2nd period - Shot by Blake Comeau.
10:16 of 2nd period - Shot Misses the Net.
10:21 of 2nd period - Anze Kopitar is hit by Olli Maatta and loses puck.
10:28 of 2nd period - Shot by Anze Kopitar.
10:28 of 2nd period - Shot Misses the Net.
11:03 of 2nd period - Shot by Nathan MacKinnon.
11:03 of 2nd period - Shot Misses the Net.
11:05 of 2nd period - Shot by Ryan Suter.
11:05 of 2nd period - Stopped by Casey DeSmith with a rebound.
11:07 of 2nd period - Shot by Ryan Suter.
11:07 of 2nd period - Stopped by Casey DeSmith without a rebound.
11:08 of 2nd period - Chris Tierney wins face-off versus Adrian Kempe in BlackHawks zone.
11:08 of 2nd period - Chris Tierney is hit by Adrian Kempe.
11:13 of 2nd period - Alex Galchenyuk is hit by Adrian Kempe and loses puck.
12:08 of 2nd period - Shot by Brady Skjei.
12:08 of 2nd period - Shot Misses the Net.
12:53 of 2nd period - Anze Kopitar is hit by Mark Giordano and loses puck.
13:34 of 2nd period - Shot by Corey Perry.
13:34 of 2nd period - Stopped by Connor Hellebuyck with a rebound.
13:44 of 2nd period - Shot by Ryan OReilly.
13:44 of 2nd period - Shot Misses the Net.
13:56 of 2nd period - Mark Giordano is hit by Boone Jenner and loses puck.
14:36 of 2nd period - Shot by Chris Tierney.
14:36 of 2nd period - Stopped by Connor Hellebuyck without a rebound.
14:37 of 2nd period - Andrew Copp wins face-off versus Tim Schaller in Penguins zone.
14:40 of 2nd period - Shot by Radim Vrbata.
14:40 of 2nd period - Shot Misses the Net.
16:00 of 2nd period - Darren Archibald is hit by Kyle Palmieri and loses puck.
16:19 of 2nd period - Shot by Anze Kopitar.
16:19 of 2nd period - Deflect By Kyle Palmieri.
16:19 of 2nd period - Shot Misses the Net.
16:43 of 2nd period - Shot by Nikita Kucherov.
16:43 of 2nd period - Stopped by Casey DeSmith with a rebound.
16:45 of 2nd period - Shot by Nikita Kucherov.
16:45 of 2nd period - Shot Misses the Net.
16:47 of 2nd period - Shot by Cody Ceci.
16:47 of 2nd period - Stopped by Casey DeSmith without a rebound.
16:48 of 2nd period - Nathan MacKinnon wins face-off versus Chris Tierney in BlackHawks zone.
16:49 of 2nd period - Shot by Clayton Keller.
16:49 of 2nd period - Stopped by Casey DeSmith without a rebound.
16:50 of 2nd period - Nathan MacKinnon wins face-off versus Chris Tierney in BlackHawks zone.
18:00 of 2nd period - Shot by Ryan OReilly.
18:00 of 2nd period - Shot Misses the Net.
18:02 of 2nd period - Shot by Boone Jenner.
18:02 of 2nd period - Shot Misses the Net.
18:04 of 2nd period - Shot by Boone Jenner.
18:04 of 2nd period - Deflect By Ryan OReilly.
18:04 of 2nd period - Shot Misses the Net.
18:06 of 2nd period - Shot by Shea Weber.
18:06 of 2nd period - Stopped by Connor Hellebuyck with a rebound.
18:10 of 2nd period - Shot by Boone Jenner.
18:10 of 2nd period - Shot Blocked by Olli Maatta.
18:12 of 2nd period - Shot by Boone Jenner.
18:12 of 2nd period - Shot Misses the Net.
18:32 of 2nd period - Shot by Anze Kopitar.
18:32 of 2nd period - Shot Blocked by Mark Giordano.
18:37 of 2nd period - Off-side.
18:38 of 2nd period - Adrian Kempe wins face-off versus Andrew Copp in neutral zone.
18:45 of 2nd period - Off-side.
18:46 of 2nd period - Sidney Crosby wins face-off versus Anze Kopitar in neutral zone.
Goals for this period are 1 for Penguins vs 1 for BlackHawks.
Shots for this period are 9 for Penguins vs 11 for BlackHawks.

3rd period


0:01 of 3rd period - Anze Kopitar wins face-off versus Sidney Crosby in neutral zone.
0:01 of 3rd period - Shea Weber is hit by David Perron and loses puck.
0:08 of 3rd period - Icing by Mark Giordano.
0:09 of 3rd period - Anze Kopitar wins face-off versus Sidney Crosby in Penguins zone.
0:09 of 3rd period - Kyle Palmieri is hit by Ryan Suter and loses puck.
0:15 of 3rd period - Mark Giordano is hit by Blake Comeau and loses puck.
0:23 of 3rd period - Ryan Suter is hit by Shea Weber and loses puck.
0:43 of 3rd period - Blake Comeau is hit by Ryan Suter and loses puck.
0:50 of 3rd period - Kyle Palmieri is hit by Sidney Crosby and loses puck.
1:03 of 3rd period - Shot by Nathan MacKinnon.
1:03 of 3rd period - Shot Blocked by Shea Weber.
1:13 of 3rd period - Shot by Nathan MacKinnon.
1:13 of 3rd period - Shot Blocked by Blake Comeau.
1:15 of 3rd period - Shot by Clayton Keller.
1:15 of 3rd period - Shot Blocked by Blake Comeau.
1:26 of 3rd period - Nathan MacKinnon is hit by Shea Weber and loses puck.
1:37 of 3rd period - Shot by Nathan MacKinnon.
1:37 of 3rd period - Stopped by Casey DeSmith without a rebound.
1:38 of 3rd period - Adrian Kempe wins face-off versus Ryan OReilly in BlackHawks zone.
1:39 of 3rd period - Shot by Max Domi.
1:39 of 3rd period - Shot Blocked by Boone Jenner.
2:08 of 3rd period - Icing by Boone Jenner.
2:09 of 3rd period - Sidney Crosby wins face-off versus Ryan OReilly in BlackHawks zone.
2:14 of 3rd period - Shot by Sidney Crosby.
2:14 of 3rd period - Shot Misses the Net.
2:16 of 3rd period - Shot by Ryan Suter.
2:16 of 3rd period - Shot Misses the Net.
2:43 of 3rd period - Shot by Sidney Crosby.
2:43 of 3rd period - Stopped by Casey DeSmith without a rebound.
2:44 of 3rd period - Nathan MacKinnon wins face-off versus Chris Tierney in BlackHawks zone.
2:59 of 3rd period - Shot by Nathan MacKinnon.
2:59 of 3rd period - Stopped by Casey DeSmith without a rebound.
3:00 of 3rd period - Andrew Copp wins face-off versus Adrian Kempe in BlackHawks zone.
3:35 of 3rd period - Shot by Andrew Copp.
3:35 of 3rd period - Shot Hit the Post.
3:53 of 3rd period - Shot by Jay Beagle.
3:53 of 3rd period - Shot Misses the Net.
4:48 of 3rd period - Shot by Kyle Palmieri.
4:48 of 3rd period - Deflect By Anze Kopitar.
4:48 of 3rd period - Shot Blocked by Olli Maatta.
4:52 of 3rd period - Shot by Anze Kopitar.
4:52 of 3rd period - Shot Blocked by Olli Maatta.
4:54 of 3rd period - Shot by Blake Comeau.
4:54 of 3rd period - Stopped by Connor Hellebuyck without a rebound.
4:55 of 3rd period - Ryan OReilly wins face-off versus Clayton Keller in Penguins zone.
5:04 of 3rd period - Shot by Nathan MacKinnon.
5:04 of 3rd period - Stopped by Casey DeSmith with a rebound.
5:16 of 3rd period - Shot by Nikita Kucherov.
5:16 of 3rd period - Stopped by Casey DeSmith with a rebound.
5:28 of 3rd period - Shot by Clayton Keller.
5:28 of 3rd period - Shot Blocked by Johnny Oduya.
5:28 of 3rd period - Johnny Oduya from BlackHawks is injured at 5:28 of 3rd period (Upper Body).
5:29 of 3rd period - Sidney Crosby wins face-off versus Anze Kopitar in BlackHawks zone.
5:46 of 3rd period - Shot by Sidney Crosby.
5:46 of 3rd period - Stopped by Casey DeSmith without a rebound.
5:47 of 3rd period - Chris Tierney wins face-off versus Nathan MacKinnon in BlackHawks zone.
5:47 of 3rd period - Chris Tierney is hit by Nikita Kucherov.
6:02 of 3rd period - Chris Tierney is hit by Ryan Suter and loses puck.
6:09 of 3rd period - Shot by Chris Tierney.
6:09 of 3rd period - Stopped by Connor Hellebuyck without a rebound.
6:10 of 3rd period - Anze Kopitar wins face-off versus Sidney Crosby in Penguins zone.
6:15 of 3rd period - Shot by Anze Kopitar.
6:15 of 3rd period - Stopped by Connor Hellebuyck without a rebound.
6:16 of 3rd period - Sidney Crosby wins face-off versus Anze Kopitar in Penguins zone.
6:16 of 3rd period - Sidney Crosby is hit by Kyle Palmieri.
6:38 of 3rd period - Shot by Anze Kopitar.
6:38 of 3rd period - Stopped by Connor Hellebuyck with a rebound.
6:44 of 3rd period - Shot by Shea Weber.
6:44 of 3rd period - Goal by Shea Weber - Penguins : 4 - BlackHawks : 2.
6:45 of 3rd period - Ryan OReilly wins face-off versus Nathan MacKinnon in neutral zone.
7:06 of 3rd period - Mark Giordano is hit by Boone Jenner and loses puck.
7:14 of 3rd period - Icing by Nikita Kucherov.
7:15 of 3rd period - Anze Kopitar wins face-off versus Nathan MacKinnon in Penguins zone.
7:15 of 3rd period - Anze Kopitar is hit by Mark Giordano.
7:21 of 3rd period - Shot by Shea Weber.
7:21 of 3rd period - Shot Misses the Net.
7:23 of 3rd period - Shot by Blake Comeau.
7:23 of 3rd period - Stopped by Connor Hellebuyck without a rebound.
7:24 of 3rd period - David Perron wins face-off versus Anze Kopitar in Penguins zone.
7:32 of 3rd period - Icing by Ryan Ellis.
7:33 of 3rd period - Sidney Crosby wins face-off versus Ryan OReilly in Penguins zone.
7:49 of 3rd period - Shot by Phil Kessel.
7:49 of 3rd period - Shot Blocked by Shea Weber.
7:53 of 3rd period - Shot by Phil Kessel.
7:53 of 3rd period - Shot Blocked by Dion Phaneuf.
7:55 of 3rd period - Shot by Sidney Crosby.
7:55 of 3rd period - Shot Misses the Net.
8:34 of 3rd period - Shot by Nathan MacKinnon.
8:34 of 3rd period - Shot Misses the Net.
9:00 of 3rd period - Shot by Ryan Suter.
9:00 of 3rd period - Shot Misses the Net.
9:02 of 3rd period - Shot by Ryan Suter.
9:02 of 3rd period - Stopped by Casey DeSmith without a rebound.
9:03 of 3rd period - Chris Tierney wins face-off versus Tim Schaller in BlackHawks zone.
9:30 of 3rd period - Shot by Tim Schaller.
9:30 of 3rd period - Stopped by Casey DeSmith with a rebound.
9:36 of 3rd period - Shot by Kevin Labanc.
9:36 of 3rd period - Shot Misses the Net.
9:38 of 3rd period - Shot by Olli Maatta.
9:38 of 3rd period - Stopped by Casey DeSmith with a rebound.
9:40 of 3rd period - Shot by Tim Schaller.
9:40 of 3rd period - Shot Blocked by Darnell Nurse.
9:42 of 3rd period - Shot by Darren Archibald.
9:42 of 3rd period - Stopped by Casey DeSmith without a rebound.
9:43 of 3rd period - Sidney Crosby wins face-off versus Anze Kopitar in BlackHawks zone.
10:16 of 3rd period - Shot by Blake Comeau.
10:16 of 3rd period - Goal by Blake Comeau - Penguins : 4 - BlackHawks : 3.
10:17 of 3rd period - Nathan MacKinnon wins face-off versus Andrew Copp in neutral zone.
10:31 of 3rd period - Shot by Nathan MacKinnon.
10:31 of 3rd period - Shot Misses the Net.
10:33 of 3rd period - Shot by Ryan Suter.
10:33 of 3rd period - Shot Misses the Net.
11:15 of 3rd period - Icing by Max Domi.
11:16 of 3rd period - Anze Kopitar wins face-off versus Adrian Kempe in Penguins zone.
11:54 of 3rd period - Kevin Labanc is hit by Brady Skjei.
12:26 of 3rd period - Minor Penalty to Brady Skjei for Goalie Interference.
12:27 of 3rd period - Nathan MacKinnon wins face-off versus Alex Galchenyuk in BlackHawks zone.
13:00 of 3rd period - Shot by Mark Giordano.
13:00 of 3rd period - Stopped by Casey DeSmith without a rebound.
13:01 of 3rd period - Jay Beagle wins face-off versus Sidney Crosby in BlackHawks zone.
14:14 of 3rd period - Shot by Ryan Suter.
14:14 of 3rd period - Stopped by Casey DeSmith without a rebound.
14:15 of 3rd period - Sidney Crosby wins face-off versus Scott Laughton in BlackHawks zone.
14:22 of 3rd period - Shot by Phil Kessel.
14:22 of 3rd period - Stopped by Casey DeSmith without a rebound.
14:23 of 3rd period - Nathan MacKinnon wins face-off versus Scott Laughton in BlackHawks zone.
14:53 of 3rd period - Icing by Ryan OReilly.
14:54 of 3rd period - Ryan OReilly wins face-off versus Sidney Crosby in BlackHawks zone.
15:03 of 3rd period - Shot by Brady Skjei.
15:03 of 3rd period - Stopped by Connor Hellebuyck without a rebound.
15:04 of 3rd period - Andrew Copp wins face-off versus Nathan MacKinnon in Penguins zone.
15:07 of 3rd period - Shot by Radim Vrbata.
15:07 of 3rd period - Shot Misses the Net.
15:09 of 3rd period - Shot by Andrew Copp.
15:09 of 3rd period - Shot Misses the Net.
15:11 of 3rd period - Shot by Andrew Copp.
15:11 of 3rd period - Stopped by Connor Hellebuyck without a rebound.
15:12 of 3rd period - Sidney Crosby wins face-off versus Andrew Copp in Penguins zone.
15:12 of 3rd period - Minor Penalty to Scott Laughton for Holding.
15:13 of 3rd period - Jay Beagle wins face-off versus Nathan MacKinnon in BlackHawks zone.
15:19 of 3rd period - Icing by Mark Giordano.
15:20 of 3rd period - Jay Beagle wins face-off versus Nathan MacKinnon in Penguins zone.
15:46 of 3rd period - Shot by Nikita Kucherov.
15:46 of 3rd period - Shot Blocked by Brent Seabrook.
15:48 of 3rd period - Shot by Mark Giordano.
15:48 of 3rd period - Stopped by Casey DeSmith without a rebound.
15:49 of 3rd period - Sidney Crosby wins face-off versus Jay Beagle in BlackHawks zone.
16:04 of 3rd period - Shot by Sidney Crosby.
16:04 of 3rd period - Stopped by Casey DeSmith with a rebound.
16:06 of 3rd period - Shot by Ryan Ellis.
16:06 of 3rd period - Shot Misses the Net.
16:08 of 3rd period - Shot by David Perron.
16:08 of 3rd period - Shot Misses the Net.
16:10 of 3rd period - Shot by Cody Ceci.
16:10 of 3rd period - Shot Blocked by Brent Seabrook.
16:12 of 3rd period - Shot by David Perron.
16:12 of 3rd period - Stopped by Casey DeSmith without a rebound.
16:13 of 3rd period - Nikita Kucherov wins face-off versus Alex Galchenyuk in BlackHawks zone.
16:26 of 3rd period - Shot by Nikita Kucherov.
16:26 of 3rd period - Stopped by Casey DeSmith with a rebound.
16:28 of 3rd period - Shot by Mark Giordano.
16:28 of 3rd period - Shot Misses the Net.
16:30 of 3rd period - Shot by Mark Giordano.
16:30 of 3rd period - Stopped by Casey DeSmith with a rebound.
16:32 of 3rd period - Shot by Ryan Suter.
16:32 of 3rd period - Stopped by Casey DeSmith without a rebound.
16:33 of 3rd period - Jay Beagle wins face-off versus Phil Kessel in BlackHawks zone.
16:33 of 3rd period - Jay Beagle is hit by David Perron.
16:53 of 3rd period - Shot by David Perron.
16:53 of 3rd period - Shot Misses the Net.
16:55 of 3rd period - Shot by Cody Ceci.
16:55 of 3rd period - Shot Blocked by Shea Weber.
17:11 of 3rd period - Shot by Sidney Crosby.
17:11 of 3rd period - Stopped by Casey DeSmith without a rebound.
17:12 of 3rd period - Ryan OReilly wins face-off versus Nathan MacKinnon in BlackHawks zone.
17:34 of 3rd period - Shot by Boone Jenner.
17:34 of 3rd period - Deflect By Ryan OReilly.
17:34 of 3rd period - Stopped by Connor Hellebuyck without a rebound.
17:35 of 3rd period - Adrian Kempe wins face-off versus Scott Laughton in Penguins zone.
17:57 of 3rd period - Off-side.
17:58 of 3rd period - Sidney Crosby wins face-off versus Anze Kopitar in neutral zone.
18:00 of 3rd period - Mark Giordano is hit by Brady Skjei and loses puck.
18:09 of 3rd period - Shot by Anze Kopitar.
18:09 of 3rd period - Shot Blocked by Mark Giordano.
18:12 of 3rd period - Icing by Ryan Suter.
18:13 of 3rd period - Ryan OReilly wins face-off versus Phil Kessel in Penguins zone.
18:43 of 3rd period - Icing by Sidney Crosby.
18:44 of 3rd period - Sidney Crosby wins face-off versus Anze Kopitar in Penguins zone.
19:18 of 3rd period - BlackHawks, Casey DeSmith is pulled from the net.
19:27 of 3rd period - Icing by Nikita Kucherov.
19:28 of 3rd period - Anze Kopitar wins face-off versus Nathan MacKinnon in Penguins zone.
19:35 of 3rd period - Shot by Anze Kopitar.
19:35 of 3rd period - Shot Misses the Net.
19:37 of 3rd period - Shot by Dion Phaneuf.
19:37 of 3rd period - Shot Blocked by Nathan MacKinnon.
19:39 of 3rd period - Shot by Dion Phaneuf.
19:39 of 3rd period - Stopped by Connor Hellebuyck without a rebound.
19:40 of 3rd period - Nathan MacKinnon wins face-off versus Kyle Palmieri in Penguins zone.
19:45 of 3rd period - Shot by Sidney Crosby.
19:45 of 3rd period - Shot Blocked by Shea Weber.
Goals for this period are 0 for Penguins vs 2 for BlackHawks.
Shots for this period are 20 for Penguins vs 11 for BlackHawks.